 Dungeon Crawl Stone Soup version 0.23.0 (webtiles) character file.

Game seed: 6381013758348395402

28 paperlotus the Sneak (level 3, 0/18 HPs)
             Began as a Vine Stalker Assassin on Feb 19, 2019.
             Succumbed to an adder's poison
             ... on level 2 of the Dungeon.
             The game lasted 00:02:07 (981 turns).

paperlotus the Sneak (Vine Stalker Assassin)         Turns: 981, Time: 00:02:07

Health: 0/18       AC:  8    Str: 13    XL:     3   Next: 12%
Magic:  2/4        EV: 12    Int: 11    God:
Gold:   87         SH:  0    Dex: 16    Spells: 2/2 levels left

rFire    . . .     SeeInvis .   a - +2 dagger
rCold    . . .     Gourm    .   (no shield)
rNeg     . . .     Faith    .   c - +0 robe
rPois    .         Spirit   +   (no helmet)
rElec    .         Reflect  .   d - +0 cloak
rCorr    .         Harm     .   (no gloves)
MR       .....                  (no boots)
Stlth    ++++......             (no amulet)
HPRegen  0.06/turn              m - +5 ring of protection
MPRegen  0.09/turn              p - ring of stealth

@: lethally poisoned (0 -> -13)
A: fangs 2, magic shield, antimagic bite, no potion heal 3, rot immunity
a: no special abilities


You were on level 2 of the Dungeon.
You were not hungry.

You visited 1 branch of the dungeon, and saw 2 of its levels.

You collected 87 gold pieces.

Inventory:

Hand Weapons
 a - a +2 dagger (weapon)
 b - a +0 blowgun
Missiles
 e - 8 poisoned needles
 f - 2 curare-tipped needles
Armour
 c - a +0 robe (worn)
 d - a +0 cloak (worn)
Jewellery
 m - a +5 ring of protection (left hand)
 p - a ring of stealth (right hand)
Wands
 j - a wand of polymorph (10)
Scrolls
 k - a scroll of blinking {unknown}
 l - a scroll of fog {unknown}
 n - a scroll of fear {unknown}
 r - a scroll of enchant weapon {unknown}
Potions
 h - a potion of curing {unknown}
 o - a potion of heal wounds {unknown}
 q - a potion of flight {unknown}
 s - a potion of cancellation {unknown}
Comestibles
 g - 5 rations
 i - 4 chunks of flesh


   Skills:
 + Level 2.1 Fighting
 + Level 2.1 Short Blades
 - Level 1.8 Throwing
 - Level 0.9 Dodging
 * Level 5.4 Stealth


You had 2 spell levels left.
You didn't know any spells.
Your spell library was empty.

Dungeon Overview and Level Annotations

Branches:
Dungeon (2/15)

Altars:


Innate Abilities, Weirdness & Mutations

You have extremely sharp teeth.
When hurt, damage is shared between your health and your magic reserves.
Your bite disrupts and absorbs the magic of your enemies.
Potions cannot restore your health.
You are immune to rotting.


Message History

You are lethally poisoned!
The adder poisons you!
You are too injured to fight recklessly!
You are too injured to fight recklessly!
You are too injured to fight recklessly!
You are too injured to fight recklessly!
You barely miss the adder. Your bite misses the adder.
The adder is severely wounded.
The adder bites you.
* * * LOW HITPOINT WARNING * * *
You are more poisoned.
The adder poisons you!
Some of the chunks of flesh in your inventory have rotted away.
You closely miss the adder.
The adder is severely wounded.
* * * LOW HITPOINT WARNING * * *
You feel sick. The adder bites you but does no damage.
You hit the adder but do no damage. Your bite misses the adder.
The adder is severely wounded.
You die...

....# #.#
#...#.##.).#
#..##.###.#>.......#
#.........####..###
##...##.#.###...#
#..####.....#.###
#รท## ##.##...# #.#
#.###.## ..#
#.S##.### .###
#.@....# .# ######.#
.^ ..# ## ###


You could see an adder.

Vanquished Creatures
  An ooze (D:1)
  2 giant cockroaches
  2 goblins (D:2)
  3 hobgoblins
  2 quokkas (D:2)
  5 bats (D:1)
  4 frilled lizards
  A kobold (D:1)
  3 rats
23 creatures vanquished.

Notes
Turn   | Place    | Note
-------+----------+-------------------------------------------
     0 | D:1      | paperlotus the Vine Stalker Assassin began the quest for
                  | the Orb.
     0 | D:1      | Reached XP level 1. HP: 11/11 MP: 2/2
   111 | D:1      | Reached skill level 5 in Stealth
   114 | D:1      | Reached XP level 2. HP: 8/15 MP: 3/3
   904 | D:2      | Reached XP level 3. HP: 18/18 MP: 4/4
   981 | D:2      | Succumbed to an adder's poison

Skill      XL: |  1  2 |
---------------+-------+-----
Stealth        | 5 |  5.4
Fighting       | 2 |  2.1
Short Blades   | 2 |  2.1
Throwing       | |  1.8
Dodging        | |  0.9

Action                   || total
-------------------------++-------
Melee: Dagger            ||    75
       Bite              ||    12
  Use: Scroll            ||     1
 Stab: Sleeping          ||     8
Armor: Robe              ||    22
Dodge: Dodged            ||    33
